 Dungeon Crawl Stone Soup version 0.24.1-8-ga250c9d538 (webtiles) character file.

Game seed: 5711929303825976184, levelgen mode: deterministic

537 Curus the Cudgeler (level 7, -3/41 HPs)
             Began as a Gargoyle Fighter on May 3, 2020.
             Slain by an ogre
             ... wielding a +0 giant club
              (15 damage)
             ... on level 4 of the Dungeon.
             The game lasted 00:20:11 (3422 turns).

Curus the Cudgeler (Gargoyle Fighter)               Turns: 3422, Time: 00:20:12

Health: -3/41      AC: 17    Str: 19 (20) XL:     7   Next: 25%
Magic:  7/7        EV:  5    Int:  8      God:
Gold:   152        SH:  9    Dex: 10 (11) Spells: 6/6 levels left

rFire    . . .     SeeInvis .   a - +0 flail
rCold    . . .     Gourm    .   c - +0 shield
rNeg     + . .     Faith    .   k - +2 chain mail {MR+}
rPois    ∞         Spirit   .   (no helmet)
rElec    +         Reflect  .   (no cloak)
rCorr    .         Harm     .   (no gloves)
MR       +....                  g - +0 pair of boots
Stlth    ..........             (no amulet)
HPRegen  0.13/turn              (no ring)
MPRegen  0.10/turn              (no ring)

@: no status effects
A: negative energy resistance 1, electricity resistance, unbreathing,
petrification resistance, rot immunity, AC +4
a: no special abilities


You were on level 4 of the Dungeon.
You were not hungry.

You visited 1 branch of the dungeon, and saw 4 of its levels.
You also visited: Sewer.

You collected 152 gold pieces.

Inventory:

Hand Weapons
 a - a +0 flail (weapon)
Armour
 b - a +0 scale mail
 c - a +0 shield (worn)
 g - a +0 pair of boots (worn)
 k - a +2 chain mail of magic resistance (worn)
Jewellery
 e - an uncursed ring of attention
Scrolls
 h - a scroll of teleportation
 i - 3 scrolls of identify
 j - a scroll of remove curse
Potions
 d - a potion of might
 l - a potion of brilliance
Comestibles
 f - 3 rations


   Skills:
 - Level 3.2 Fighting
 + Level 7.7 Maces & Flails
 - Level 3.2 Armour
 - Level 3.2 Shields


You had 6 spell levels left.
You didn't know any spells.
Your spell library was empty.

Dungeon Overview and Level Annotations

Branches:
Dungeon (4/15)              Sewer (visited)
 Temple: D:4-7

Altars:
Dithmenos


Innate Abilities, Weirdness & Mutations

You are resistant to torment.
Your stone body is resilient. (AC +4)
You are immune to poison.
You resist negative energy. (rN+)
You are resistant to electric shocks. (rElec)
You can survive without breathing.
You are immune to petrification.
You are immune to rotting.


Message History

A quokka comes into view.
There is an open door here.
You hit the ogre but do no damage. You block the ogre's attack.
Your shield and chain mail prevent you from hitting the ogre.
The ogre hits you with a +0 giant club!
You thump the ogre!
The ogre is heavily wounded.
You block the ogre's attack.
You sock the ogre!
The ogre is almost dead.
You barely miss the ogre.
The ogre is almost dead.
A hound comes into view.
The ogre hits you with a +0 giant club.
* * * LOW HITPOINT WARNING * * *
The hound barks!
You hit the ogre but do no damage.
The ogre is almost dead.
The ogre hits you with a +0 giant club!
You die...

.#... ... ... ...
#.# #r# #O# ##@##
##...## ##..)..##
##.......##
...####.........#
......'....h....+
...####†........#
##.......##
##.....##


You could see an ogre, a hound and a quokka.

Vanquished Creatures
  A bullfrog (Sewer)
  A scorpion (D:4)
  2 hounds (D:4)
  An orc priest (D:3)
  3 orc wizards (D:3)
  A gnoll (D:1)
  8 adders
  A shadow imp (D:2)
  8 oozes
  A worm (D:2)
  4 dart slugs
  14 leopard geckos
  5 orcs (D:3)
  9 giant cockroaches
  6 goblins
  13 hobgoblins
  11 jackals
  5 kobolds
  9 ball pythons
  A ball python skeleton (D:3)
  7 bats
  9 frilled lizards
  2 rats
122 creatures vanquished.

Notes
Turn   | Place    | Note
-------+----------+-------------------------------------------
     0 | D:1      | Curus the Gargoyle Fighter began the quest for the Orb.
     0 | D:1      | Reached XP level 1. HP: 14/14 MP: 1/1
   163 | D:1      | Reached XP level 2. HP: 17/19 MP: 2/2
   199 | D:1      | Reached skill level 3 in Maces & Flails
   241 | D:1      | Reached XP level 3. HP: 21/23 MP: 3/3
   615 | D:1      | Reached skill level 4 in Maces & Flails
   989 | D:2      | Reached XP level 4. HP: 28/28 MP: 4/4
  1299 | D:2      | Found a shadowy altar of Dithmenos.
  1683 | D:3      | Reached skill level 5 in Maces & Flails
  1694 | D:3      | Reached XP level 5. HP: 31/32 MP: 5/5
  1734 | D:3      | HP: 1/32 [orc wizard/magic dart (2)]
  1991 | D:3      | Reached skill level 6 in Maces & Flails
  1991 | D:3      | Reached XP level 6. HP: 18/37 MP: 6/6
  2103 | D:3      | Found a glowing drain.
  2115 | Sewer    | Entered a sewer
  2460 | Sewer    | Reached skill level 7 in Maces & Flails
  3381 | D:4      | Reached XP level 7. HP: 33/41 MP: 7/7
  3422 | D:4      | Slain by an ogre

Levels and vault maps discovered:
D:1:      dpeg_arrival_brainrot, layout_loops_ring
D:2:      layout_loops_ring, nicolae_dithmenos_shadow_blocks, kennysheep_nub
D:3:      layout_loops_ring, portal_sewer_entry_d
D:4:      layout_loops_corners, lemuel_coloured_pillars_altar,
          minmay_temple_entry_junction, first_ration, uniq_duvessa,
          uniq_eustachio

Skill      XL: |  1  2  3  4  5  6 |
---------------+-------------------+-----
Maces & Flails | 3 4 5 6 7 |  7.7
Fighting       | |  3.2
Armour         | |  3.2
Shields        | |  3.2

Action                   |  1- 3 |  4- 6 |  7- 9 || total
-------------------------+-------+-------+-------++-------
Melee: Flail             |   145 |   432 |    25 ||   602
  Use: Scroll            |     5 |     2 |       ||     7
       Potion            |     2 |     5 |       ||     7
  Eat: Chunk             |     1 |     8 |     1 ||    10
Armor: Scale mail        |    72 |   274 |       ||   346
       Chain mail        |       |    34 |    16 ||    50
Dodge: Dodged            |    38 |   146 |     3 ||   187
Block: Shield            |    68 |   266 |    13 ||   347
